 Dungeon Crawl Stone Soup version 0.31.0-11-ge490571c62 (webtiles) character file.

Game seed: 1199500859203752789

537 Daunt the Trooper (level 7, -1/39 HPs)
             Began as a Vine Stalker Fighter on Jan 28, 2024.
             Incinerated by a bombardier beetle (3 damage)
             ... with a burning spray
             ... on level 5 of the Dungeon.
             The game lasted 00:10:35 (1230 turns).

Daunt the Trooper (Vine Stalker Fighter)            Turns: 1230, Time: 00:10:35

Health: -1/39      AC: 18    Str: 20    XL:     7   Next: 25%
Magic:  0/8        EV:  5    Int: 10    God:
Gold:   85         SH:  5    Dex: 14    Spells: 6/6 levels left

rFire   . . .        l - +9 dagger of Doulyid {protect, Int+2}
rCold   . . .        c - +0 buckler
rNeg    . . .        x - +0 plate armour
rPois   .            (no helmet)
rElec   .            (no cloak)
rCorr   .            (no gloves)
SInv    .            (no boots)
Will    .....        w - amulet of the acrobat Stlth
                     (no ring)
HPRegen 1.06/turn    (no ring)
MPRegen 0.11/turn

%: acrobat, guardian spirit
@: on fire, under a protective aura, attractive, glowing
A: fangs 2, regeneration 1, magic shield, antimagic bite, no potion heal 2
a: no special abilities


You were on level 5 of the Dungeon.
You visited 1 branch of the dungeon, and saw 5 of its levels.

You collected 85 gold pieces.

Inventory:

Hand Weapons
 a - a +0 war axe
 l - the +9 dagger of Doulyid (weapon) {protect, Int+2}
   (You took it off a hobgoblin on level 3 of the Dungeon)

   Int+2:     It affects your intelligence (+2).
 u - the +11 Singing Sword {sonic wave}
   (You took it off a goblin on level 4 of the Dungeon)
Missiles
 e - 9 stones (quivered)
 q - 2 silver javelins
 t - 7 poisoned darts
Armour
 b - a +0 scale mail
 c - a +0 buckler (worn)
 x - a +0 plate armour (worn)
Jewellery
 w - an amulet of the acrobat (around neck)
 y - an amulet of faith
Wands
 j - a wand of mindburst (17)
Scrolls
 k - a scroll of immolation {unknown}
 o - a scroll of blinking {unknown}
 p - 2 scrolls of teleportation {unknown}
 r - 2 scrolls of identify {unknown}
 v - a scroll of vulnerability {unknown}
Potions
 d - a potion of might
 f - a potion of attraction
 g - a potion of heal wounds {unknown}
 h - a potion of curing {unknown}
 i - 2 potions of brilliance {unknown}
 m - a potion of resistance {unknown}
 n - a potion of lignification {unknown}
 s - a potion of mutation {unknown}


   Skills:
 - Level 5.6 Fighting
 + Level 3.3 Long Blades
 - Level 2.8 Axes
 - Level 2.6 Armour
 - Level 3.0 Shields


You had 6 spell levels left.
You didn't know any spells.
Your spell library was empty.

Dungeon Overview and Level Annotations

Branches:
Dungeon (5/15)
 Temple: D:4-7

Altars:
Fedhas
Sif Muna
Vehumet
Zin
The Shining One


Innate Abilities, Weirdness & Mutations

You have extremely sharp teeth.
Your natural rate of healing is unusually fast.
When hurt, damage is shared between your health and your magic reserves.
Your bite disrupts and absorbs the magic of your enemies.
Potions cannot restore your health.


Message History

You kill the white imp!
The bombardier beetle sprays incendiary fluid at you.
The burning spray hits you.
You are covered in liquid fire!
You shake off some of the fire as you move.
The liquid fire burns you!
An ogre comes into view. It is wielding a +0 giant club.
The bombardier beetle sprays incendiary fluid at you.
The burning spray hits you.
You are even more covered in liquid fire!
You shake off some of the fire as you move.
The liquid fire burns you!
Found a stone staircase leading down.
You shake off some of the fire as you move.
The liquid fire burns you!
You block the bombardier beetle's attack.
You barely miss the bombardier beetle. Your bite misses the bombardier beetle.
The liquid fire burns you!
You hit the bombardier beetle.
Your weapon exudes an aura of protection.
You bite the bombardier beetle! You drain its power.
You feel invigorated.
The bombardier beetle is severely wounded.
The liquid fire burns you!
The bombardier beetle bites you but does no damage.
You hit the bombardier beetle.
The bombardier beetle is almost dead.
The liquid fire burns you!
You block the bombardier beetle's attack.
You barely miss the bombardier beetle. Your bite misses the bombardier beetle.
The bombardier beetle is almost dead.
The liquid fire burns you!
You puncture the bombardier beetle!
You kill the bombardier beetle!
The liquid fire burns you!
The ogre hits you with a +0 giant club!!
* * * LOW HITPOINT WARNING * * *
It was a potion of attraction.
You feel attractive to monsters. The liquid fire burns you!
You die...

....... ..#....
....... ##......>
## ### #........
##.## #.###........
#....##.#...†......
#.........@O......
#.........###.....
#......#........
#.....)#..##....
###........##
#........#..#
#....#.....##
####....#..####
≈≈≈≈≈≈≈.≈≈≈≈≈≈≈


You could see an ogre.

Vanquished Creatures
  An ogre (D:4)
  2 scorpions (D:4)
  A howler monkey (D:5)
  A bombardier beetle (D:5)
  A crimson imp (D:3)
  A jelly (D:5)
  A hound (D:4)
  An iguana (D:5)
  An orc wizard (D:3)
  4 adders
  A white imp (D:5)
  2 ufetubi (D:5)
  2 ribbon worms
  10 orcs
  3 ball pythons
  2 bats
  4 endoplasms
  3 giant cockroaches
  4 goblins
  2 hobgoblins
  8 kobolds
  4 quokkas
  A goblin skeleton (D:3)
  2 goblin zombies (D:3)
  5 hobgoblin zombies (D:3)
  A kobold zombie (D:3)
  An orc zombie (D:3)
  A rat (D:3)
70 creatures vanquished.

Notes
Turn   | Place    | Note
-------+----------+-------------------------------------------
     0 | D:1      | Daunt the Vine Stalker Fighter began the quest for the Orb.
     0 | D:1      | Reached XP level 1. HP: 11/11 MP: 2/2
    29 | D:1      | Reached XP level 2. HP: 16/16 MP: 1/3
   110 | D:1      | Found a faded altar of an unknown god.
   198 | D:3      | Reached skill level 3 in Fighting
   198 | D:3      | Reached XP level 3. HP: 20/20 MP: 4/4
   230 | D:3      | Reached XP level 4. HP: 22/24 MP: 3/5
   279 | D:3      | Identified the +9 dagger of Doulyid {protect, Int+2}
   414 | D:4      | Noticed an ogre
   506 | D:3      | Found a glowing golden altar of the Shining One.
   529 | D:3      | Reached skill level 4 in Fighting
   660 | D:4      | Reached XP level 5. HP: 29/29 MP: 6/6
   750 | D:4      | Found a glowing silver altar of Zin.
   857 | D:4      | Reached skill level 5 in Fighting
   870 | D:4      | Killed an ogre
   871 | D:4      | Reached XP level 6. HP: 35/35 MP: 7/7
   945 | D:4      | Reached skill level 1 in Long Blades
  1022 | D:5      | Entered Level 5 of the Dungeon
  1030 | D:4      | Found a blossoming altar of Fedhas.
  1102 | D:5      | Reached XP level 7. HP: 39/39 MP: 8/8
  1189 | D:5      | Found a radiant altar of Vehumet.
  1189 | D:5      | Found a shimmering blue altar of Sif Muna.
  1230 | D:5      | Incinerated by a bombardier beetle

Illustrated notes

Levels and vault maps discovered:
D:1:      dpeg_arrival_pond, layout_basic,
          hellmonk_ecumenical_altar_heavens_door, minmay_three_crescents
D:2:      kb_forest_paths, layout_basic, basic_altar
D:3:      layout_basic, nicolae_tso_besieged_by_evil, minmay_misc_feat_encased
D:4:      layout_gridville, mainiacjoe_overflow_tiny_flanked,
          lemuel_crystal_altar, gammafunk_ghost_cemetery, minmay_between
D:5:      minmay_recursive_quarters, layout_cave_pools,
          mainiacjoe_overflow_alcove_2, nicolae_overflow_two_pavilions

Skill      XL: |  1  2  3  4  5  6  7 |
---------------+----------------------+-----
Axes           | 2 |  2.8
Shields        | 3 |  3.0
Fighting       | 3 4 5 |  5.6
Long Blades    | 2 3 |  3.3
Armour         | |  2.6

Action                     |  1- 3 |  4- 6 |  7- 9 || total
---------------------------+-------+-------+-------++-------
  Melee: War axe           |    51 |     4 |       ||    55
         Bite              |    15 |    28 |     3 ||    46
         Dagger            |       |   118 |    15 ||   133
  Evoke: Wand              |       |     1 |       ||     1
    Use: Potion            |       |       |     1 ||     1
 Armour: Scale mail        |    33 |    49 |       ||    82
         Plate armour      |       |    12 |     6 ||    18
  Dodge: Dodged            |    21 |    37 |     4 ||    62
  Block: Buckler           |     6 |    22 |     2 ||    30
